Selects Luftwaffe Battlegroup
Selects Luftwaffe Pioneer Support
Fallschirmpioneer Squad Paradrop
Construct Infanterie Kompanie
Fallschirmpioneer Squad Paradrop
Infanterie Officer Quarters
Construct Panzergrenadier Kompanie
Fallschirmpioneer Squad Paradrop
Pak 40 Anti-tank Gun Team
Panzergrenadier Officer Quarters
Selects Stuka Strafing Run
Selects Fallschirmjäger Squad Paradrop
Selects Flak 38 Anti-Air Emplacement
Selects Flak 36 Anti-tank Gun Emplacement
Construct Panzer Kompanie
Fallschirmpioneer Squad Paradrop